cohdb
Replays
Latest Replays
All Replays
Popular Replays
Top Player Replays
Match Explorer
How It Works
Community
CoH3 Stats
Reddit
Sign in to upload your games and track your stats! →
Sign in with Steam
Match 47061245
Unlisted
Match 47061245
Overview
Messages
Build Orders
End
Panzergrenadier Squad
Kradschützen Motorcycle Team
Panzergrenadier Squad
Construct Light Support Kompanie
Fire Support Elements
Panzergrenadier Squad
Flakvierling Half-track
Panzerjäger Mechanized Group
2.5-tonne Medical Truck
Combat Half-tracks
Pak 38 Anti-tank Gun Team
MG34 Team
Construct Panzerarmee Kommand
Selects Armored Support Battlegroup
Selects Veteran Gunners
Selects Salvage Kits
Panzer III L Medium Tank
Assault Mechanized Group
Sad Pepe
gio_misro
Dog
viperking
0
0
Comments
sign in to comment!
No comments posted yet!